 Dungeon Crawl Stone Soup version 0.23.2-33-g5129a83184 (webtiles) character file.

Game seed: 2848107942880153800

91 Felnil the Firebug (level 4, -3/30 HPs)
             Began as a Mummy Fire Elementalist on Aug 9, 2019.
             Slain by an ogre
             ... wielding a +0 giant spiked club
              (33 damage)
             ... on level 4 of the Dungeon.
             The game lasted 00:10:22 (2752 turns).

Felnil the Firebug (Mummy Fire Elementalist)        Turns: 2752, Time: 00:10:23

Health: -3/30      AC:  2    Str: 11    XL:     4   Next: 34%
Magic:  8/8        EV: 17    Int: 15    God:
Gold:   198        SH:  0    Dex: 12    Spells: 7/8 levels left

rFire    x . .     SeeInvis .   e - +1 dagger (venom)
rCold    + + .     Gourm    .   (no shield)
rNeg     + + +     Faith    .   a - +0 robe
rPois    ∞         Spirit   .   (no helmet)
rElec    .         Reflect  .   (no cloak)
rCorr    .         Harm     .   (no gloves)
MR       .....                  (no boots)
Stlth    ++........             (no amulet)
HPRegen  0.10/turn              d - +4 ring of evasion
MPRegen  0.11/turn              i - ring of protection from cold

@: no status effects
A: no food or potions, fire vulnerability, cold resistance 1, negative energy
resistance 3, torment resistance, unbreathing
a: no special abilities


You were on level 4 of the Dungeon.
You were not hungry.

You visited 1 branch of the dungeon, and saw 4 of its levels.

You collected 198 gold pieces.

Inventory:

Hand Weapons
 e - a +1 dagger of venom (weapon)
Armour
 a - a +0 robe (worn)
Jewellery
 d - a +4 ring of evasion (left hand)
 i - a ring of protection from cold (right hand)
Wands
 j - a wand of random effects (24)
Scrolls
 b - a scroll of teleportation
 c - a scroll of enchant armour {unknown}
 f - 3 scrolls of identify {unknown}
 g - a scroll of immolation {unknown}
 h - a scroll of blinking {unknown}
 k - a scroll of magic mapping {unknown}


   Skills:
 + Level 2.9 Dodging
 - Level 1.5 Stealth
 - Level 2.6 Spellcasting
 - Level 0.7 Conjurations
 + Level 3.5 Fire Magic


You had 7 spell levels left.
You knew the following spells:

 Your Spells              Type           Power        Failure   Level  Hunger
a - Flame Tongue          Conj/Fire      #....        9%          1    N/A

Your spell library contained the following spells:

 Spells                   Type           Power        Failure   Level  Hunger
 Throw Flame              Conj/Fire      #.....       13%         2    N/A
 Conjure Flame            Conj/Fire      #.......     26%         3    N/A
 Inner Flame              Hex/Fire       #.......     30%         3    N/A
 Sticky Flame             Conj/Fire      #.......     65%         4    N/A
 Fireball                 Conj/Fire      #.........   94%         5    N/A

Dungeon Overview and Level Annotations

Branches:
Dungeon (4/15)             Temple (0/1) D:4

Altars:
Xom


Innate Abilities, Weirdness & Mutations

You do not eat or drink.
Your flesh is vulnerable to fire.
You are immune to poison.
Your flesh is cold resistant. (rC+)
You are immune to negative energy. (rN+++)
You are immune to unholy pain and torment.
You can survive without breathing.


Message History

There is a stone staircase leading down here.
You climb downwards.
An orc and an ogre come into view.
The ogre shouts!
Found a staircase to the Ecumenical Temple.
There is a stone staircase leading up here.
You climb upwards.
There is a stone staircase leading down here.
Casting: Flame Tongue (safe; 9% risk of failure)
Confirm with . or Enter, or press ? or * to list all spells.
You don't know that spell.
You can't go up here!
You climb downwards.
The ogre closely misses you.
The orc wizard gestures wildly while chanting.
The orc wizard blinks!
You hear a shout!
There is a stone staircase leading up here.
The ogre hits you with a +0 giant spiked club!!
Ouch! That really hurt!
You die...

≈≈≈≈≈≈.>.≈≈≈≈≈
.
≈≈≈≈≈...≈≈≈≈≈
..
≈≈≈≈≈≈≈≈≈≈≈≈
...
≈≈≈≈≈≈≈≈≈..
....
.≈≈≈≈≈....
.... .........
§###..#.....#
.......@#
####..O## #...
#... #... #...
#... #...


You could see an ogre.

Vanquished Creatures
  Natasha (D:2)
  An adder (D:2)
  2 worms
  A leopard gecko (D:1)
  A ball python (D:2)
  A giant cockroach (D:1)
  9 goblins
  6 hobgoblins
  A jackal (D:2)
  8 kobolds
  A quokka (D:2)
  9 bats
  5 frilled lizards
  3 rats
49 creatures vanquished.

Notes
Turn   | Place    | Note
-------+----------+-------------------------------------------
     0 | D:1      | Felnil the Mummy Fire Elementalist began the quest for the
                  | Orb.
     0 | D:1      | Reached XP level 1. HP: 13/13 MP: 4/4
   184 | D:1      | Reached XP level 2. HP: 19/19 MP: 2/5
   735 | D:2      | Noticed a crimson imp
   960 | D:2      | Found a shimmering altar of Xom.
   960 | D:2      | Found a shimmering altar of Xom.
   968 | D:2      | Found a shimmering altar of Xom.
   971 | D:2      | Found a shimmering altar of Xom.
  1036 | D:2      | Reached skill level 3 in Fire Magic
  1162 | D:2      | Reached XP level 3. HP: 24/24 MP: 7/7
  1509 | D:2      | Noticed Natasha
  1697 | D:2      | Killed Natasha
  1697 | D:2      | Reached XP level 4. HP: 23/30 MP: 6/8
  1797 | D:2      | Found a faded altar of an unknown god.
  2747 | D:4      | Found a staircase to the Ecumenical Temple.
  2747 | D:4      | Noticed an ogre
  2752 | D:4      | Slain by an ogre

Skill      XL: |  1  2 |
---------------+-------+-----
Dodging        | 2 |  2.9
Fire Magic     | 3 |  3.5
Stealth        | |  1.5
Spellcasting   | |  2.6
Conjurations   | |  0.7

Action                   |  1- 3 |  4- 6 || total
-------------------------+-------+-------++-------
Melee: Unarmed           |     4 |       ||     4
       Dagger            |    76 |    48 ||   124
 Cast: Flame Tongue      |    29 |       ||    29
  Use: Scroll            |     1 |       ||     1
 Stab: Sleeping          |     1 |     2 ||     3
Armor: Robe              |    17 |     3 ||    20
Dodge: Dodged            |    65 |    46 ||   111
